 Dungeon Crawl Stone Soup version 0.20.0 (webtiles) character file.

32 Danakh the Skirmisher (level 3, -6/29 HPs)
             Began as a Demonspawn Fighter on May 29, 2017.
             Killed from afar by a white imp (10 damage)
             ... with a puff of frost
             ... summoned by Natasha
             ... on level 2 of the Dungeon.
             The game lasted 00:02:02 (808 turns).

Danakh the Skirmisher (Demonspawn Fighter)           Turns: 808, Time: 00:02:03

Health: -6/29      AC: 11    Str: 17    XL:     3   Next: 8%
Magic:  3/3        EV:  2    Int:  9    God:
Gold:   55         SH:  9    Dex: 12    Spells: 2/2 levels left

rFire    . . .     SeeInvis .   a - +0 war axe
rCold    . . .     Gourm    .   c - +0 shield
rNeg     . . .     Faith    .   s - +0 plate armour
rPois    .         Spirit   .   (helmet restricted)
rElec    .         Reflect  .   (no cloak)
rCorr    .         Harm     .   (no gloves)
MR       .....                  (no boots)
Stlth    ..........             (no amulet)
Regen    0.1/turn               n - ring of loudness (curse)
MPRegen  0.1/turn               (no ring)

@: no status effects
A: antennae 1
a: no special abilities


You were on level 2 of the Dungeon.
You were not hungry.

You visited 1 branch of the dungeon, and saw 2 of its levels.

You collected 55 gold pieces.

Inventory:

Hand Weapons
 a - a +0 war axe (weapon)
Armour
 b - a +0 scale mail
 c - a +0 shield (worn)
 s - a +0 plate armour (worn)
Jewellery
 n - a cursed ring of loudness (left hand)
Scrolls
 e - a scroll of noise {unknown}
 h - a scroll of magic mapping {unknown}
 i - a scroll of teleportation {unknown}
 m - a scroll of immolation {unknown}
 o - a scroll of remove curse {unknown}
 p - a scroll of identify {unknown}
Potions
 d - a potion of might
 g - a potion of lignification {unknown}
 k - 4 potions of curing {unknown}
 l - a potion of resistance {unknown}
 q - a potion of degeneration {unknown}
Comestibles
 f - 2 bread rations
 j - 2 royal jellies
 r - 4 chunks of flesh


   Skills:
 + Level 3.5 Fighting
 + Level 2.0 Axes
 + Level 3.0 Armour
 + Level 0.1 Dodging
 + Level 3.0 Shields


You had 2 spell levels left.
You didn't know any spells.

Dungeon Overview and Level Annotations

Branches:
Dungeon (2/15)

Altars:

Annotations:
D:2 Natasha


Innate Abilities, Weirdness & Mutations

You have a pair of small antennae on your head.


Message History

The puff of frost hits you!
Your shield and plate armour prevent you from hitting Natasha.
Natasha is almost dead.
You hit the white imp. Natasha claws you but does no damage.
The white imp hits you but does no damage.
Natasha claws you. The white imp gestures at you. The puff of frost hits you!
* * * LOW HITPOINT WARNING * * *
You are too injured to fight recklessly!
You are too injured to fight recklessly!
You hit Natasha but do no damage.
Natasha is almost dead.
You hit the white imp. You hit the shadow imp.
You block the shadow imp's attack.
Natasha hisses.
Natasha claws you but does no damage. The white imp gestures at you.
The puff of frost hits you!
You die...

## ## .# ##. ##
#.## ##.# . #..#
#..# .#
#...#.#.##.##
#..#.##.#...# #
#..#.##55#.#.!.#
#.......@h5.....
#..#.##..#.#..##
#..#.##.#...#
#.....#.##....
#.......# #####
#.......#
#......##
.......#
#.#...## ...##.#
#.##.## #..##.#


You could see Natasha, a crimson imp, a white imp and a shadow imp.

Vanquished Creatures
  A worm (D:2)
  2 dart slugs (D:1)
  3 leopard geckos (D:1)
  A bat (D:2)
  A giant cockroach (D:1)
  4 goblins (D:1)
  A hobgoblin (D:1)
  3 frilled lizards
  2 kobolds (D:1)
  5 rats (D:1)
23 creatures vanquished.

Notes
Turn   | Place    | Note
-------+----------+-------------------------------------------
     0 | D:1      | Danakh the Demonspawn Fighter began the quest for the Orb.
     0 | D:1      | Reached XP level 1. HP: 18/18 MP: 1/1
    92 | D:1      | Gained mutation: You have a pair of small antennae on your head. [demonic ancestry]
    92 | D:1      | Reached XP level 2. HP: 16/24 MP: 2/2
   746 | D:2      | Reached XP level 3. HP: 29/29 MP: 3/3
   798 | D:2      | Noticed Natasha
   808 | D:2      | Killed from afar by a white imp

Skill      XL: |  1  2  3 |
---------------+----------+-----
Shields        | 3 |  3.0
Axes           | 2 |  2.0
Armour         | 3 |  3.0
Fighting       | |  3.5
Dodging        | |  0.1

Action                   || total
-------------------------++-------
Melee: War axe           ||    85
Armor: Scale mail        ||    34
       Plate armour      ||     8
Dodge: Dodged            ||    20
Block: Shield            ||    36
